Map: Thunderbird LE

Players

Probe - Winner!

  • Race: Protoss Protoss
  • Spawn Location: 5:00

MCanning

  • Race: Protoss Protoss
  • Spawn Location: 11:00

VOD

Have the link to the VOD?

Description

Time

  • Played on: Sept. 6, 2019, 7:14 p.m.
  • Length: 9:33
Show
View Real Time Build Order
Export as new Build Order

Probe Protoss - Winner!

Build Orders: Phoenix Opening, Zealot Archon 

Get SALT Encoding   

  12  0:00  Probe  
  13  0:12  Probe  
  14  0:17  Pylon  
  14  0:24  Probe  
  15  0:32  Probe  
  15  0:38  Gateway  
  15  0:40  Probe  
  16  0:46  Assimilator  
  17  0:51  Probe  
  17  0:54  Assimilator  
  18  0:59  Probe  
  19  1:07  Probe  
  19  1:10  Gateway  
  19  1:17  Probe  
  21  1:26  Cybernetics Core  
  21  1:29  Probe  
  22  1:35  Pylon  
  22  1:41  Probe  
  23  1:53  Probe  
  24  2:02  Stalker  
  24  2:03  Warp Gate, Stalker  
  24  2:06  Probe  
  29  2:11  Pylon  
  29  2:21  Pylon  
  29  2:33  Sentry x2  
  33  2:46  Probe  
  33  2:49  Nexus  
  34  2:55  Pylon  
  34  2:58  Probe  
  35  3:03  Sentry  
  35  3:04  Stalker  
  38  3:06  Phoenix  
  38  3:08  Probe  
  39  3:16  Probe  
  39  3:22  Robotics Facility  
  39  3:24  Probe  
  41  3:36  Probe  
  42  3:48  Probe  
  43  3:58  Forge  
  43  3:59  Warp Prism  
  43  4:00  Probe  
  44  4:03  Adept x2  
  44  4:08  Probe  
  51  4:17  Gateway  
  51  4:19  Probe  
  51  4:21  Probe  
  53  4:25  Immortal  
  53  4:36  Pylon  
  57  4:52  Sentry x2  
  61  4:55  Shield Battery  
  61  4:57  Shield Battery  
  57  5:00  Probe  
  57  5:05  Immortal  
  62  5:13  Protoss Ground Weapons Level 1  
  62  5:15  Shield Battery  
  62  5:16  Stalker  
  62  5:18  Shield Battery  
  64  5:31  Stalker x2  
  64  5:34  Probe x2  
  70  5:42  Pylon  
  70  5:45  Pylon  
  70  5:55  Assimilator  
  70  5:56  Assimilator  
  70  5:59  Pylon  
  70  6:00  Probe x2, Twilight Council  
  72  6:12  Probe  
  72  6:13  Probe  
  74  6:19  Immortal  
  74  6:24  Probe  
  75  6:26  Probe  
  80  6:37  Probe  
  81  6:43  Charge  
  81  6:47  Gateway x2  
  81  6:50  Gateway  
  81  6:51  Gateway  
  81  6:53  Protoss Ground Weapons Level 2  
  81  6:55  Gateway  
  81  6:57  Templar Archives  
  81  7:00  Pylon  
  81  7:02  Pylon  
  81  7:23  Nexus  
  81  7:35  Zealot, High Templar x2  
  87  7:42  Archon  
  87  7:43  Zealot x2  
  91  7:46  Pylon  
  91  7:51  Zealot, High Templar  
  93  7:52  Zealot  
  97  8:05  Zealot, High Templar  
  99  8:06  Zealot  
  99  8:09  Pylon  
  99  8:10  Archon  
  103  8:16  Zealot x4  
  111  8:24  Pylon  
  111  8:26  Pylon  
  111  8:30  High Templar x2  
  111  8:31  Zealot  
  117  8:35  Archon  
  117  8:43  Zealot x5  
  127  8:50  Probe x2  
  127  8:52  Photon Cannon  
  129  9:06  Stargate  
  129  9:17  Zealot x5  
  129  9:18  Zealot x2  
Show
View Real Time Build Order
Export as new Build Order

MCanning Protoss 

Build Orders:  

Get SALT Encoding   

  12  0:00  Probe  
  13  0:12  Probe  
  14  0:19  Pylon  
  14  0:24  Probe  
  15  0:34  Probe  
  15  0:37  Gateway  
  15  0:42  Probe  
  16  0:47  Assimilator  
  17  0:52  Probe  
  17  0:55  Assimilator  
  18  1:00  Probe  
  19  1:08  Probe  
  19  1:11  Gateway  
  19  1:18  Probe  
  20  1:25  Cybernetics Core  
  21  1:30  Probe  
  22  1:35  Pylon  
  22  1:42  Probe  
  23  1:50  Warp Gate  
  23  1:54  Probe  
  24  2:01  Stalker  
  24  2:02  Sentry  
  24  2:07  Pylon, Probe  
  29  2:18  Pylon  
  29  2:27  Stalker  
  31  2:35  Stalker  
  33  2:42  Robotics Facility  
  33  2:56  Pylon  
  33  3:06  Nexus  
  33  3:10  Probe  
  34  3:22  Probe  
  35  3:34  Immortal  
  39  3:35  Probe  
  39  3:39  Sentry x2  
  44  3:47  Probe  
  45  3:51  Pylon  
  45  3:58  Gateway  
  45  4:05  Warp Prism  
  45  4:07  Pylon  
  45  4:20  Sentry  
  45  4:24  Sentry  
  51  4:27  Probe  
  51  4:29  Probe  
  53  4:35  Observer  
  53  4:39  Probe  
  53  4:44  Stalker  
  57  4:47  Adept  
  57  4:52  Adept  
  59  4:56  Probe  
  59  4:57  Probe  
  59  5:08  Probe  
  59  5:09  Probe  
  61  5:14  Stalker x2  
  61  5:20  Probe  
  66  5:25  Probe  
  66  5:27  Forge  
  67  5:35  Adept  
  69  5:43  Probe x2  
  69  5:49  Immortal, Assimilator  
  75  5:51  Probe, Assimilator  
  75  5:56  Probe  
  76  5:58  Twilight Council  
  77  6:07  Probe  
  78  6:14  Pylon  
  78  6:23  Shield Battery  
  72  6:28  Pylon  
  72  6:32  Probe x2  
  74  6:44  Probe x2  
  74  6:46  Gateway  
  76  6:48  Gateway  
  76  6:49  Gateway  
  76  6:54  Charge  
  76  6:56  Probe  
  76  6:57  Shield Battery  
  76  6:59  Shield Battery  
  81  7:01  Immortal  
  81  7:12  Templar Archives  
  81  7:15  Pylon  
  81  7:20  Probe  
  82  7:28  Gateway  
  82  7:29  Gateway  
  82  7:31  Zealot x2  
  86  7:38  Robotics Bay  
  86  7:49  Robotics Facility  
  87  7:55  Nexus  
  86  8:00  Pylon  
  86  8:08  Nexus  
  86  8:12  Observer  
  86  8:18  Probe  
  88  8:22  Probe  
  88  8:23  Disruptor  
  88  8:24  Shield Battery  
  89  8:32  Probe  
  93  8:37  Pylon  
  93  8:38  Pylon  
  93  8:45  Pylon x2  
  93  8:47  Forge  
  93  8:49  Disruptor  
  93  8:51  Pylon  
  93  8:55  Disruptor  
  93  8:57  Stalker  
  101  9:09  Probe  
  102  9:16  Probe  
  101  9:25  Dark Shrine  
  101  9:26  Adept x3  
  101  9:29  Photon Cannon  
Tags
 
Add a new tag
Caveats
  • Supply blocks, unpowered buildings, or Contaminate may cause inaccurate times.
  • Supply counts are checked every 10 seconds.